 Dungeon Crawl Stone Soup version 0.28.0 (webtiles) character file.

Game seed: 2869850061050286818

860 danielguo94 the Cudgeller (level 8, -14/48 HPs)
             Began as a Gargoyle Fighter on Feb 5, 2022.
             Was an Initiate of the Shining One.
             Demolished by an ogre (25 damage)
             ... on level 6 of the Dungeon.
             The game lasted 00:05:38 (4825 turns).

danielguo94 the Cudgeller (Gargoyle Fighter)        Turns: 4825, Time: 00:05:39

Health: -14/48     AC: 15    Str: 21 (23) XL:     8   Next: 2%
Magic:  8/8        EV:  9    Int:  8      God:    the Shining One [......]
Gold:   121        SH:  4    Dex:  6 (9)  Spells: 7/7 levels left

rFire   . . .      SeeInvis .   a - +0 flail
rCold   . . .      Faith    .   c - +0 buckler
rNeg    + . .      Spirit   .   b - +0 scale mail
rPois   ∞          Reflect  .   x - +0 helmet
rElec   +          Harm     .   (no cloak)
rCorr   .          Rampage  .   o - +0 pair of gloves
Will    .....                   (no boots)
Stlth   ..........              (no amulet)
HPRegen 0.00/turn               (no ring)
MPRegen 0.11/turn               (no ring)

@: inhibited regen, glowing
A: sickness immunity, AC +5, negative energy resistance 1, electricity
resistance, torment resistance 1, petrification resistance, hooves 1, inhibited
regeneration, wild magic 1
a: Renounce Religion


You were on level 6 of the Dungeon.
You worshipped the Shining One.
The Shining One was noncommittal.
You visited 2 branches of the dungeon, and saw 7 of its levels.

You collected 226 gold pieces.
You spent 105 gold pieces at shops.

Inventory:

Hand Weapons
 a - a +0 flail (weapon)
Missiles
 e - 144 stones (quivered)
Armour
 b - a +0 scale mail (worn)
 c - a +0 buckler (worn)
 o - a +0 pair of gloves (worn)
 x - a +0 helmet (worn)
Wands
 q - a wand of polymorph (2)
Scrolls
 f - a scroll of immolation {unknown}
 h - 2 scrolls of vulnerability
 k - a scroll of noise {unknown}
 l - a scroll of magic mapping {unknown}
 m - a scroll of amnesia {unknown}
 p - a scroll of fog {unknown}
 r - a scroll of blinking
 t - a scroll of fear {unknown}
 u - a scroll of enchant weapon {unknown}
 v - a scroll of teleportation {unknown}
 y - a scroll of identify {unknown}
Potions
 d - 2 potions of might
 g - a potion of haste
 j - a potion of cancellation {unknown}
 n - a potion of curing {unknown}
 w - a potion of attraction
 z - a potion of ambrosia {unknown}
 A - a potion of resistance {unknown}


   Skills:
 + Level 4.9 Fighting
 * Level 7.1 Maces & Flails
 + Level 4.6 Armour
 + Level 1.3 Dodging
 + Level 4.0 Shields
 + Level 0.1 Evocations


You had 7 spell levels left.
You didn't know any spells.
Your spell library contained the following spells:

 Spells                   Type           Power      Damage    Failure   Level
 Leda's Liquefaction      Hex/Erth       0%         N/A       100%        4
 Lee's Rapid Deconstruct  Erth           0%         3d5*      100%        5
 Statue Form              Tmut/Erth      Unusable   N/A       N/A         6

Dungeon Overview and Level Annotations

Branches:
Dungeon (6/15)             Temple (1/1) D:5

Altars:
Cheibriados
Elyvilon
Fedhas
Gozag
Kikubaaqudgha
Makhleb
Nemelex Xobeh
Qazlal
Ru
Sif Muna
Trog
Uskayaw
Vehumet
Wu Jian
Xom
Yredelemnul
Zin
The Shining One

Shops:
D:4 *


Innate Abilities, Weirdness & Mutations

You are immune to sickness and miasma.
Your stone body is resilient. (AC +5)
You are immune to poison.
You resist negative energy. (rN+)
You are resistant to electric shocks. (rElec)
You are resistant to unholy torment.
You are immune to petrification.
You have large cloven feet.
You do not regenerate when monsters are visible.
Your spells are a little harder to cast, but a little more powerful.


Message History

A necrophage comes into view.
Found a chain mail.
A necrophage is nearby!
A necrophage is nearby!
A necrophage is nearby!
The necrophage closely misses you.
You sock the necrophage! You kick the necrophage.
The necrophage is severely damaged.
The necrophage hits you but does no damage.
You sock the necrophage!
You destroy the necrophage!
The Shining One accepts your kill.
You feel your intelligence returning.
Your Maces & Flails skill increases to level 7!
Your Shields skill increases to level 4!
You have reached level 8!
You feel stronger.
You see here a necrophage corpse.
Found a ring mail.
An ogre comes into view. It is wielding a +0 giant club.
The ogre shouts!
An ogre is nearby!
An ogre is nearby!
An ogre is nearby!
The ogre hits you with a +0 giant club.
You hit the ogre. You kick the ogre.
The ogre is moderately wounded.
The ogre hits you with a +0 giant club!
You thump the ogre! Your kick misses the ogre.
The ogre is severely wounded.
The ogre hits you with a +0 giant club!!
* * * LOW HITPOINT WARNING * * *
You are too injured to fight recklessly!
You are too injured to fight recklessly!
You are too injured to fight recklessly!
You barely miss the ogre.
The ogre is severely wounded.
The ogre hits you with a +0 giant club!!
Ouch! That really hurt!
You die...

....# #..## ###.....# ....#
##..# ##....## ....# ##..##
##..####
....###....############..##
....#.......#.......##..##
......####..........#..##
....### ##..........##
.#### #...........# .
#....O@...[## .
#.........## #..........#
#.......?..# ##.......#.#
###...##### ####


You could see an ogre.

Vanquished Creatures
  Grinder (D:5)
  A warg (D:6)
  A necrophage (D:6)
  A phantom (D:5)
  Blork the orc (D:5)
  A centaur zombie (D:5)
  A hound (D:5)
  A gnoll shaman (D:5)
  2 iguanas
  2 hound skeletons (D:3)
  Robin (D:3)
  3 adders
  3 gnolls (D:6)
  2 adder skeletons (D:3)
  4 dart slugs
  6 orcs
  6 endoplasms
  A giant cockroach (D:2)
  14 goblins
  10 hobgoblins
  2 jackals (D:4)
  8 kobolds
  A quokka (D:4)
  7 ball pythons
  4 bats
  A frilled lizard (D:2)
  A giant cockroach zombie (D:3)
  A quokka zombie (D:3)
  A rat (D:3)
88 creatures vanquished.

Vanquished Creatures (others)
  3 plants (D:3)
3 creatures vanquished.

Grand Total: 91 creatures vanquished

Notes
Turn   | Place    | Note
-------+----------+-------------------------------------------
     0 | D:1      | danielguo94 the Gargoyle Fighter began the quest for the
                  | Orb.
     0 | D:1      | Reached XP level 1. HP: 14/14 MP: 1/1
   163 | D:1      | Reached XP level 2. HP: 12/20 MP: 2/2
   703 | D:1      | Reached XP level 3. HP: 24/24 MP: 3/3
   709 | D:1      | Found a faded altar of an unknown god.
   770 | D:1      | You fall into a shaft and drop 1 floor!
  1949 | D:3      | Reached skill level 3 in Maces & Flails
  1949 | D:3      | Reached XP level 4. HP: 15/29 MP: 4/4
  1951 | D:3      | Noticed Robin
  2131 | D:3      | Killed Robin
  2332 | D:3      | Reached XP level 5. HP: 30/33 MP: 5/5
  2360 | D:3      | Found a glowing silver altar of Zin.
  2612 | D:4      | Found Bioptol's Bounteous Boutique.
  2631 | D:4      | Bought a scroll of blinking for 105 gold pieces
  2915 | D:4      | Reached skill level 4 in Maces & Flails
  3224 | D:5      | Entered Level 5 of the Dungeon
  3259 | D:5      | Found a staircase to the Ecumenical Temple.
  3269 | D:5      | Reached XP level 6. HP: 30/39 MP: 6/6
  3277 | Temple   | Entered the Ecumenical Temple
  3392 | Temple   | Became a worshipper of the Shining One
  3439 | D:5      | Reached skill level 5 in Maces & Flails
  3667 | D:5      | Noticed Grinder
  3673 | D:5      | Paralysed by Grinder for 4 turns
  3684 | D:5      | Killed Grinder
  3685 | D:5      | Reached XP level 7. HP: 27/44 MP: 7/7
  3947 | D:5      | Noticed Blork the orc
  3954 | D:5      | Killed Blork the orc
  3955 | D:5      | Reached skill level 6 in Maces & Flails
  3955 | D:5      | Reached skill level 1 in Dodging
  4287 | D:6      | Found a radiant altar of Vehumet.
  4294 | D:6      | Found a blossoming altar of Fedhas.
  4316 | D:6      | Noticed Maggie
  4330 | D:6      | Noticed Maggie
  4330 | D:6      | Maggie changed into Maggie the warg
  4338 | D:6      | Gained mutation: Your spells are a little harder to cast,
                  | but a little more powerful. [potion of mutation]
  4338 | D:6      | Gained mutation: You do not regenerate when monsters are
                  | visible. [potion of mutation]
  4338 | D:6      | Gained mutation: You have large cloven feet. [potion of
                  | mutation]
  4342 | D:6      | HP: 1/66 [Maggie the warg (4)]
  4343 | D:6      | The Shining One protects you from harm!
  4345 | D:6      | Killed Maggie the warg
  4804 | D:6      | Reached skill level 7 in Maces & Flails
  4804 | D:6      | Reached XP level 8. HP: 48/48 MP: 8/8
  4825 | D:6      | Demolished by an ogre

Illustrated notes

Levels and vault maps discovered:
D:1:      dpeg_arrival_simpleton_b, layout_loops_corners,
          chequers_ecumenical_altar_island
D:2:      layout_basic
D:3:      layout_rooms, mainiacjoe_overflow_catwalk, serial_undead,
          serial_undead_a, serial_undead_c, serial_undead_c, serial_undead_c,
          serial_bayou_lake_a, uniq_robin
D:4:      layout_basic, nicolae_alphabet_shops, minmay_misc_feat_four_crosses
D:5:      layout_basic, minmay_temple_entry_statues_fountains, serial_curves,
          eino_curves_04, eino_curves_04, eino_curves_03,
          minmay_misc_feat_roman, uniq_grinder, uniq_blork_the_orc
D:6:      layout_cave_pods, mainiacjoe_overflow_catwalk_spiral,
          mainiacjoe_overflow_tiny_flanked, minmay_starry_boxes, uniq_maggie
Temple:   regret_index_temple_waves

Skill      XL: |  1  2  3  4  5  6  7 |
---------------+----------------------+-----
Fighting       | 4 |  4.9
Maces & Flails | 3 4 5 7 |  7.1
Armour         | 4 |  4.6
Dodging        | 1 |  1.3
Shields        | 4 |  4.0
Evocations     | |  0.1

Action                   |  1- 3 |  4- 6 |  7- 9 || total
-------------------------+-------+-------+-------++-------
Melee: Flail             |   142 |   154 |    60 ||   356
       Unarmed           |       |    11 |       ||    11
       Kick              |       |       |     2 ||     2
Evoke: Wand              |       |       |     4 ||     4
  Use: Scroll            |     1 |       |       ||     1
       Potion            |       |       |     4 ||     4
 Stab: Confused          |       |     1 |       ||     1
Armor: Scale mail        |    90 |    92 |    28 ||   210
       Skin              |       |       |     3 ||     3
Dodge: Dodged            |    63 |    76 |    19 ||   158
Block: Buckler           |    33 |    31 |    16 ||    80
